 Dungeon Crawl Stone Soup version 0.30-a0-578-gdee14c521f (webtiles) character file.

Game seed: 13671014661252978773

575 scionoferis the Ruffian (level 7, 60/60 HPs)
             Began as a Green Draconian Monk on Dec 31, 2022.
             Got out of the dungeon alive.
             The game lasted 00:09:24 (4341 turns).

scionoferis the Ruffian (Green Draconian Monk)      Turns: 4341, Time: 00:09:25

Health: 60/60      AC:  7    Str: 15    XL:     7   Next: 12%
Magic:  7/7        EV: 13    Int: 15    God:
Gold:   33         SH:  0    Dex: 13    Spells: 6/6 levels left

rFire   . . .      SeeInvis .      - Unarmed
rCold   . . .      Faith    .    (no shield)
rNeg    + . .      Spirit   .    (body armour unavailable)
rPois   +          Reflect  .    (helmet restricted)
rElec   .          Harm     .    v - +0 cloak
rCorr   .          Rampage  .    (no gloves)
Will    .....                    (no boots)
Stlth   ++                       p - amulet of magic regeneration
HPRegen 0.30/turn                j - ring "Humer" {Int+4 Slay+4}
MPRegen 0.50/turn                l - ring of positive energy

@: no status effects
A: breathe noxious fumes, AC +6, unfitting armour, poison resistance,
cold-blooded
a: Breathe Noxious Fumes


You escaped.
You visited 1 branch of the dungeon, and saw 5 of its levels.

You collected 250 gold pieces.
You spent 217 gold pieces at shops.


Innate Abilities, Weirdness & Mutations

You can breathe blasts of noxious fumes.
Your lurid green scales are hard. (AC +6)
You cannot fit into any form of body armour.
Your system is resistant to poisons. (rPois)
You are cold-blooded and may be slowed by cold attacks.


   Skills:
 + Level 4.8 Fighting
 + Level 4.1 Dodging
 - Level 4.0 Stealth
 * Level 5.5 Unarmed Combat


You had 6 spell levels left.
You didn't know any spells.
Your spell library contained the following spells:

 Spells                   Type           Power      Damage    Failure   Level
 Apportation              Tloc           0%         N/A       26%         1
 Necrotise                Necr           0%         1d4       26%         1
 Summon Small Mammal      Summ           0%         N/A       26%         1

Inventory:

Missiles
 b - 14 poisoned darts (quivered)
Armour
 i - an orb of light
   (You found it on level 4 of the Dungeon)
 v - a +0 cloak (worn)
   (You found it on level 5 of the Dungeon)
Jewellery
 j - the ring "Humer" (left hand) {Int+4 Slay+4}
   (You found it on level 2 of the Dungeon)

   [ring of slaying]

   Int:       It affects your intelligence (+4).
   Slay:      It affects your accuracy & damage with ranged weapons and melee
   (+4).
 l - a ring of positive energy (right hand)
   (You found it on level 2 of the Dungeon)
 p - an amulet of magic regeneration (around neck)
   (You took it off an orc priest on level 3 of the Dungeon)
 q - a ring of positive energy
   (You found it on level 3 of the Dungeon)
 t - a ring of resist corrosion
   (You found it on level 4 of the Dungeon)
Scrolls
 a - a scroll of fear
 d - 2 scrolls of blinking
 f - 3 scrolls of teleportation
 h - 2 scrolls of enchant armour {unknown}
 k - 3 scrolls of immolation {unknown}
 o - 2 scrolls of noise
 r - 2 scrolls of summoning
 s - a scroll of enchant weapon
 u - a scroll of poison
Potions
 c - a potion of magic {unknown}
 e - 2 potions of heal wounds
 g - a potion of degeneration {unknown}
 m - a potion of haste {unknown}
 n - 2 potions of flight {unknown}
 w - a potion of brilliance {unknown}

Dungeon Overview and Level Annotations

Branches:
Dungeon (5/15)
 Temple: D:4-7

Altars:
Ashenzari
Dithmenos
Gozag
Nemelex Xobeh
Qazlal
Uskayaw
Vehumet

Shops:
D:3 [?   D:5 [

Annotations:
D:5 Dowan

#####.#.#.#.###.####.#######.# ##
#.#.#.#.#...#.........##.# .#
#.#.#.#.#.###.##########.# .#
#.#.#.#...#...........##.# .#
#.#...#.###.#####.###.##.# .#
#.###.#.#...#...#...#.##.# ##
#.#.#.#.#.###.#.###.####.# ###
#.#.#...#.....#...#...##.# ..#
#†#.###.###.@.###.###.##.#
..###.#...#...#.....#...#.##.####
.÷....###.###.#.###.#.#.#.#......
......#.#...#...#...#.#.####.####
......#.###.#####.###.#...##.#
......#...........#...#.#.##.#
..###.#########.###.#.#.#.##.#
..# #.#.........#...#.#.#.##.#
..# #.######.####.###.#.#.##.#


There were no monsters in sight!


Message History

You open the door.
There is an open door here.
n - 2 dark potions You open the door.
A hobgoblin comes into view.
A hobgoblin is nearby!
A hobgoblin is nearby!
A hobgoblin is nearby!
There is an open door here.
The helpless hobgoblin fails to defend itself.
You punch the hobgoblin!
You kill the hobgoblin!
No target in view!
You open the door.
Found 2 stones.
There is an open door here.
You see here 2 stones.
A gnoll comes into view. It is wielding a +0 flail.
You see here 6 gold pieces.
You now have 124 gold pieces (gained 6).
A gnoll comes into view. It is wielding a +2 antimagic whip.
A gnoll and an orc come into view.
The gnoll shouts!
The orc shouts!
You hear a shout!
The gnoll shouts!
The gnoll moves out of view.
A ball python comes into view.
The gnoll shouts!
You punch the orc!
You kill the orc!
An orc comes into view.
It is wielding a +1 falchion of draining.
Throw: 6 darts (poison)
Press: ? - help, Q - select action Shift-Dir - straight line, f - gnoll
Aim: a gnoll, wielding a +2 antimagic whip (66% to hit)
You throw a poisoned dart. The poisoned dart hits the gnoll.
An orc comes into view. It is wielding a +0 club.
You closely miss the gnoll.
The orc shouts!
The gnoll misses you. The gnoll attacks as you move away! The gnoll misses you.
An orc wizard comes into view. It is wielding a +0 dagger.
The gnoll misses you. The gnoll hits you but does no damage.
The gnoll attacks as you move away! The gnoll hits you with a +0 flail!
The gnoll attacks as you move away! The gnoll hits you with a +0 flail.
The gnoll attacks as you move away! The gnoll closely misses you.
The gnoll attacks as you move away! The gnoll hits you but does no damage.
The gnoll attacks as you move away! The gnoll hits you but does no damage.
The gnoll attacks as you move away! The gnoll hits you with a +0 flail.
You hit the gnoll.
Your tail-slap misses the gnoll.
The gnoll is moderately wounded.
The gnoll hits you with a +0 flail!
You punch the gnoll!
You kill the gnoll!
You have reached level 4!
You feel clever.
You are confused.
You feel invigorated.
The orc wizard casts a spell.
The orc wizard flickers and vanishes!
Deactivating autopickup; reactivate with Ctrl-A.
The orc hits you with a +1 falchion of draining.
You feel drained.
You bump into the rock wall.
The orc hits you with a +1 falchion of draining.
* * * LOW HITPOINT WARNING * * *
You feel drained.
* * * LOW HITPOINT WARNING * * *
You're too confused to move!
You feel less invigorated.
You feel less confused. The orc hits you but does no damage.
You feel drained.
You barely miss the orc.
Your tail-slap misses the orc.
The orc hits you but does no damage.
You feel drained.
You hit the orc.
Your tail-slap misses the orc.
The orc is severely wounded.
The orc closely misses you.
You hit the orc.
You kill the orc!
You hit the orc but do no damage. You punch the orc, but do no damage.
The orc hits you but does no damage.
You hit the orc.
The orc is moderately wounded.
An orc comes into view. It is wielding a +0 hand axe.
The orc barely misses you.
You closely miss the orc.
The orc is lightly wounded.
The orc misses you.
The orc shouts!
You hit the orc.
The orc is heavily wounded.
The orc hits you but does no damage.
You hit the orc but do no damage.
The orc is heavily wounded.
The orc barely misses you.
You hit the orc.
Your tail-slap misses the orc.
The orc is severely wounded.
The orc hits you with a +0 club.
You hit the orc but do no damage.
The orc is severely wounded.
The orc hits you with a +0 club.
* * * LOW HITPOINT WARNING * * *
You punch the orc!
You kill the orc!
You punch the ball python!
You kill the ball python!
A kobold comes into view. It is wielding a +0 dagger.
Press: ? - help, v - describe, . - travel
Here: a gnoll, wielding a +2 antimagic whip The floor.
Unknown command.
It was a potion of heal wounds.
You feel much better.
You hit the gnoll but do no damage.
The gnoll hits you with a +2 antimagic whip.
You feel your power leaking away.
You hit the gnoll.
The gnoll is moderately wounded.
The gnoll hits you with a +2 antimagic whip.
You feel your power leaking away.
You hit the gnoll.
The gnoll is heavily wounded.
The gnoll hits you with a +2 antimagic whip.
You feel your power leaking away.
You punch the gnoll!
You kill the gnoll!
You hear some strange, mumbled words.
A puff of flame appears from out of thin air!
The puff of flame hits you!
Your Stealth skill increases to level 3!
Something hits you but does no damage.
Items here: )))) [ †††.
You miss something. Something hits you but does no damage.
You miss something. Something hits you but does no damage.
You hit something. Something completely misses you.
You hit something. Something barely misses you.
You punch something! You tail-slap something.
Reactivating autopickup.
You feel a bit more experienced.
You hit the kobold.
The kobold is severely wounded.
The kobold hits you with a +0 dagger.
You hit the kobold.
You kill the kobold!
You barely miss the orc. The orc hits you with a +0 hand axe.
You barely miss the orc.
Your tail-slap misses the orc.
You hit the orc.
The orc is moderately wounded.
The orc barely misses you.
You closely miss the orc.
The orc is moderately wounded.
The orc hits you but does no damage.
You hit the orc. You tail-slap the orc.
You kill the orc!
Your Unarmed Combat skill increases to level 4!
You hit the gnoll.
The gnoll is moderately wounded.
The gnoll barely misses you.
You hit the gnoll.
The gnoll is severely wounded.
The gnoll closely misses you.
You hit the gnoll but do no damage.
The gnoll is severely wounded.
The gnoll hits you with a +0 flail.
* * * LOW HITPOINT WARNING * * *
You barely miss the gnoll.
The gnoll is severely wounded.
The gnoll hits you but does no damage.
You hit the gnoll.
You kill the gnoll!
Your life force feels restored.
You start resting.
Magic restored.
You start resting.
HP restored.
Items here: )))) [.
Items here: )))) [ †††.
Okay, then.
Unknown command.
Items here: )))) [.
Things that are here:
a +0 hand axe; an orc corpse
b - 6 poisoned darts (gained 1)
a - a scroll labelled JOHOTO PAICH
Found a stone staircase leading down.
A kobold comes into view.
It is wielding a +0 club and quivering poisoned darts.
The kobold shouts!
Found a radiant altar of Vehumet.
You punch the kobold!
You kill the kobold!
No target in view!
No target in view!
A quokka comes into view.
Things that are here:
a +0 club; 7 poisoned darts; a kobold corpse
b - 13 poisoned darts (gained 7)
Found 5 stones. 3 goblins and 2 hobgoblins come into view.
The goblin shouts! x2; You hear a shout!
The hobgoblin shouts!
You hear a shout! x3
A goblin comes into view. It is wielding a +0 dagger.
The goblin shouts!
You hit the quokka.
The quokka is almost dead.
The quokka closely misses you.
You hit the quokka.
You kill the quokka!
The hobgoblin hits you but does no damage.
You closely miss the hobgoblin.
Your tail-slap misses the hobgoblin.
You hit the hobgoblin.
The hobgoblin is almost dead.
The hobgoblin barely misses you.
You barely miss the hobgoblin. You tail-slap the hobgoblin.
You kill the hobgoblin!
You open the door.
Found Ruatix's Armour Emporium.
Found a stone staircase leading up.
There is an open door here.
There is a stone staircase leading up here.
There is an entrance to Ruatix's Armour Emporium here.
You open the door.
There is an open door here.
Found a scroll labelled TUMAUF QUSEY.
i - 2 scrolls labelled TUMAUF QUSEY (gained 1)
b - 16 poisoned darts (gained 3) 2 goblins come into view.
The goblin shouts!
The goblin moves out of view.
An endoplasm comes into view.
You hit the goblin.
The goblin is severely wounded.
The goblin misses you.
A goblin comes into view. It is wielding a +0 club.
You barely miss the goblin.
The goblin shouts!
You punch the goblin.
You kill the goblin!
You hear a shout! x4
A hobgoblin comes into view.
You hit the goblin.
The goblin is moderately wounded.
The goblin hits you but does no damage.
You punch the goblin!
You kill the goblin!
You hit the goblin.
You kill the goblin!
You have reached level 5!
You now have 134 gold pieces (gained 10).
Items here: )) ††.
A goblin comes into view. It is wielding a +0 club.
Robin and 2 goblins come into view.
Robin shouts!
The goblin shouts!
You hear a shout! x3
Robin roars a battlecry!
The goblins go into a battle-frenzy!
You hear a shout!
The goblin shouts!
You hear a shout! x2; You hear an angry hiss.
Items here: )) ††.
There is an open door here.
You hit the goblin.
The goblin is heavily wounded.
The goblin hits you with a +0 club.
You hit the goblin.
You kill the goblin!
You closely miss the goblin. You hit the goblin.
You kill the goblin!
There is an open door here.
Things that are here:
a +0 dagger; a +0 club You hit the hobgoblin.
The hobgoblin is lightly wounded.
The hobgoblin hits you.
You hit the hobgoblin.
You kill the hobgoblin!
You see here a hobgoblin corpse.
There is an open door here.
Things that are here:
a +0 dagger; a +0 club
There is a stone staircase leading up here.
There is an entrance to Ruatix's Armour Emporium here.
There is an open door here.
You open the door.
The goblin shouts!
The goblin shouts!
You barely miss the goblin. The goblin closely misses you.
You hit the goblin.
You kill the goblin!
You punch the goblin!
You kill the goblin!
You now have 146 gold pieces (gained 12).
Things that are here:
a +0 dagger; a +0 club; a goblin corpse
Things that are here:
a +0 dagger; a +0 club; a goblin corpse You hit the goblin.
The goblin is severely wounded.
The goblin misses you.
You hit the goblin.
You kill the goblin!
You see here a +0 club.
A kobold comes into view. It is wielding a +0 dagger.
Things that are here:
a +0 dagger; a +0 club; a goblin corpse The kobold shouts!
You hear a shout!
You hit the kobold.
The kobold is heavily wounded.
The kobold hits you but does no damage.
You hit the kobold.
You kill the kobold!
Things that are here:
a +0 dagger; a kobold corpse Robin is nearby!
Throw: 16 darts (poison)
Press: ? - help, Q - select action Shift-Dir - straight line, f - Robin
Aim: Robin, wielding a +0 short sword, wearing a +0 animal skin and wearing a +0 helmet (70% to hit)
You throw a poisoned dart. The poisoned dart closely misses Robin.
Throw: 15 darts (poison)
Press: ? - help, Q - select action Shift-Dir - straight line, f/p - Robin
Aim: Robin, wielding a +0 short sword, wearing a +0 animal skin and wearing a +0 helmet (70% to hit)
You throw a poisoned dart. The poisoned dart hits Robin.
Robin is poisoned.
Throw: 14 darts (poison)
Press: ? - help, Q - select action Shift-Dir - straight line, f/p - Robin
Aim: Robin, wielding a +0 short sword, wearing a +0 animal skin and wearing a +0 helmet (poisoned, 70% to hit)
You throw a poisoned dart. The poisoned dart hits Robin.
Robin looks even sicker.
Robin roars a battlecry!
The goblin goes into a battle-frenzy!
Things that are here:
a +0 dagger; a kobold corpse Robin throws the goblin at you!
The goblin attacks as you move away! The goblin closely misses you.
Things that are here:
a +0 dagger; a +0 club; a goblin corpse You closely miss the goblin.
The goblin hits you but does no damage.
You closely miss the goblin. The goblin completely misses you.
You barely miss the goblin. The goblin closely misses you.
You punch the goblin!
You kill the goblin!
Robin closely misses you.
You see here a +0 club.
You completely miss Robin.
Robin is moderately wounded.
Robin hits you but does no damage.
You hit Robin.
Robin is severely wounded.
Robin hits you with a +0 short sword.
The endoplasm quivers.
You punch Robin!
You kill Robin!
Things that are here:
a +0 dagger; a +0 club; a goblin corpse You see here a +0 club.
You closely miss the hobgoblin. You tail-slap the hobgoblin.
The hobgoblin is moderately wounded.
The hobgoblin hits you but does no damage.
You punch the hobgoblin!
You kill the hobgoblin!
The endoplasm closely misses you.
You see here a +0 club.
You hit the endoplasm.
The endoplasm is lightly wounded.
The endoplasm barely misses you.
You punch the endoplasm!
You kill the endoplasm!
Things that are here:
a +0 dagger; a +0 club; a goblin corpse You see here a +0 club.
o - a scroll labelled ZIUROVV UDU MYO
Items here: ) [[ †.
Things that are here:
a +0 dagger; a kobold corpse
b - 14 poisoned darts (gained 1)
b - 15 poisoned darts (gained 1)
b - 16 poisoned darts (gained 1)
An orc comes into view. It is wielding a +0 mace.
The orc shouts!
You hit the orc.
The orc is moderately wounded.
You hear a shout!
The orc misses you.
You hit the orc.
The orc is heavily wounded.
The orc barely misses you.
You barely miss the orc.
The orc is heavily wounded.
The orc closely misses you.
You hit the orc.
You kill the orc!
No target in view!
Things that are here:
a +0 mace; a +0 leather armour; an orc corpse You now have 160 gold pieces (gained 14).
A rat comes into view.
An orc comes into view.
It is wielding a +0 flail and wearing a +2 ring mail of fire resistance.
The orc hits you with a +0 flail.
You barely miss the orc.
Your tail-slap misses the orc.
The orc barely misses you.
You hit the orc.
The orc is heavily wounded.
The orc misses you.
You barely miss the orc.
The orc is heavily wounded.
The orc hits you with a +0 flail!
You hit the orc but do no damage. You tail-slap the orc.
The orc is severely wounded.
The orc barely misses you.
You hit the orc. You tail-slap the orc.
You kill the orc!
The rat bites you but does no damage.
You hit the rat.
You kill the rat!
No target in view!
No target in view!
You see here a rat corpse.
There is a stone staircase leading down here.
i - 3 scrolls labelled TUMAUF QUSEY (gained 1)
A frilled lizard comes into view.
Found a ring mail.
The frilled lizard hisses angrily.
The frilled lizard closely misses you.
You hit the frilled lizard.
You kill the frilled lizard!
No target in view!
Found 5 stones.
Found a stormy altar of Qazlal.
You see here 5 stones.
A bat comes into view.
The bat completely misses you.
You hit the bat.
The bat is moderately wounded.
The bat closely misses you. The bat hits you but does no damage.
You barely miss the bat.
The bat is moderately wounded.
The bat barely misses you.
You hit the bat.
You kill the bat!
No reachable target in view!
You see here a bat corpse.
Found a stone staircase leading down.
You now have 170 gold pieces (gained 10).
There is a stone staircase leading down here.
There is a stone staircase leading down here.
A rat comes into view.
You barely miss the rat. You tail-slap the rat.
The rat is moderately wounded.
The rat completely misses you.
You closely miss the rat. The rat bites you but does no damage.
You punch the rat!
You kill the rat!
No target in view!
You now have 178 gold pieces (gained 8).
There is an open door here.
An orc priest comes into view. It is wielding a +0 short sword.
The orc priest completely misses you.
There is an open door here.
You hit the orc priest. You tail-slap the orc priest!
The orc priest is almost dead.
The orc priest hits you with a +0 short sword.
You hit the orc priest.
You kill the orc priest!
Your Fighting skill increases to level 4!
No target in view!
p - an amulet of magic regeneration
Things that are here:
a +0 short sword; an orc corpse
Found a stone.
l - a ring of positive energy (right hand)
You see here a stone.
q - a ring of positive energy You start putting on your amulet.
You continue putting on your amulet of magic regeneration. x5
You finish putting on your amulet of magic regeneration.
p - an amulet of magic regeneration (around neck)
Found a stone staircase leading up.
You see here a stone.
Done exploring.
Done exploring.
You have 178 gold pieces.
Unknown command.
Unknown command.
You don't know any spells.
Unknown command.
There is an entrance to Katyo's Magic Scroll Emporium here.
r - a scroll of summoning Thank you for shopping at Katyo's Magic Scroll Emporium!
i - 4 scrolls of identify (gained 1) Thank you for shopping at Katyo's Magic Scroll Emporium!
As you read the scroll of identify, it crumbles to dust.
a - a scroll of fear
As you read the scroll of identify, it crumbles to dust.
d - 2 scrolls of blinking
As you read the scroll of identify, it crumbles to dust.
o - a scroll of noise
As you read the scroll of identify, it crumbles to dust.
f - 2 scrolls of teleportation You see here 5 stones.
There is a stone staircase leading down here.
Unknown command.
You climb downwards.
Found 24 gold pieces and a helmet.
There is a stone staircase leading up here.
You now have 34 gold pieces (gained 17).
You now have 41 gold pieces (gained 7).
Found a stone staircase leading down.
o - 2 scrolls of noise (gained 1)
A giant cockroach comes into view.
You hit the giant cockroach but do no damage.
You tail-slap the giant cockroach.
The giant cockroach is severely wounded.
The giant cockroach bites you but does no damage.
You closely miss the giant cockroach.
You tail-slap the giant cockroach, but do no damage.
The giant cockroach is severely wounded.
The giant cockroach barely misses you.
You closely miss the giant cockroach.
The giant cockroach is severely wounded.
The giant cockroach completely misses you.
You punch the giant cockroach!
You kill the giant cockroach!
No target in view!
Found a trident.
You see here an orb of light.
i - an orb of light
Found a stone staircase leading up.
A quokka comes into view.
A goblin comes into view. It is wielding a +0 dagger.
You hit the quokka.
You kill the quokka!
The goblin shouts!
Found a leather armour.
A kobold comes into view. It is wielding a +0 whip.
You barely miss the goblin.
The kobold shouts!
You tail-slap the goblin.
You kill the goblin!
The kobold misses you.
You barely miss the kobold. You punch the kobold.
The kobold is moderately wounded.
The kobold barely misses you.
You hit the kobold.
You kill the kobold!
No target in view!
An adder comes into view.
A hobgoblin comes into view.
The helpless adder fails to defend itself.
You punch the adder!
The adder is severely wounded.
The hobgoblin shouts!
The adder bites you but does no damage.
You closely miss the adder.
The adder is severely wounded.
The adder misses you.
You closely miss the adder.
Your tail-slap misses the adder.
The adder is severely wounded.
The adder bites you but does no damage. x2
You hit the adder.
The adder is almost dead.
The adder bites you but does no damage. The hobgoblin closely misses you.
You hit the adder.
You kill the adder!
You hit the hobgoblin.
The hobgoblin is almost dead.
The hobgoblin barely misses you.
You closely miss the hobgoblin.
The hobgoblin is almost dead.
The hobgoblin barely misses you.
You hit the hobgoblin.
You kill the hobgoblin!
You see here a hobgoblin corpse.
Found a stone staircase leading down.
s - a scroll labelled RUJAGE DEMONU An endoplasm comes into view.
The endoplasm quivers.
Found a stone staircase leading down.
An adder comes into view.
The endoplasm hits you but does no damage.
You hit the endoplasm.
The endoplasm is severely wounded.
The endoplasm freezes you.
You are frozen.
You barely miss the endoplasm.
The endoplasm is severely wounded.
The endoplasm hits you but does no damage.
You punch the endoplasm!
You kill the endoplasm!
The helpless adder fails to defend itself.
You punch the adder!
The adder is almost dead.
The adder bites you but does no damage.
You hit the adder. You tail-slap the adder.
You kill the adder!
No target in view!
t - a ring of resist corrosion
k - 3 scrolls labelled IRCHAY CEIC (gained 1)
Found a stone staircase leading up.
A hound comes into view.
No reachable target in view!
No reachable target in view!
A hound is nearby!
Found a hide-covered altar of Uskayaw.
Found a book of Cantrips.
Really walk into that teleport trap?
You enter a teleport trap!
The teleport trap disappears.
Your surroundings suddenly seem different.
An endoplasm comes into view.
No reachable target in view!
An endoplasm is nearby!
Found a sparkling altar of Nemelex Xobeh.
You pick up a book of Cantrips and begin reading...
You add the spells Necrotise, Summon Small Mammal and Apportation to your library.
The endoplasm quivers.
The endoplasm attacks as you move away! The endoplasm misses you.
The hound barks!
The endoplasm attacks as you move away! The endoplasm barely misses you.
You hit the endoplasm.
The endoplasm is moderately wounded.
The endoplasm closely misses you.
You punch the endoplasm!
You kill the endoplasm!
The hound misses you.
You closely miss the hound. The hound closely misses you.
You closely miss the hound.
Your tail-slap misses the hound.
The hound closely misses you.
You closely miss the hound. You tail-slap the hound.
The hound is moderately wounded.
The hound closely misses you. The hound bites you.
You hit the hound.
The hound is severely wounded.
The hound misses you.
You barely miss the hound. You punch the hound.
The hound is severely wounded.
The hound bites you but does no damage.
You punch the hound!
You kill the hound!
You see here a hound corpse.
There is a hide-covered altar of Uskayaw here.
HP restored.
A ball python comes into view.
No target in view!
No target in view!
You see here a hound corpse.
No target in view!
The teleport trap disappears.
The ball python disappears!
No target in view!
No target in view!
There is a stone staircase leading down here.
You see here a +0 leather armour.
Found a shadowy altar of Dithmenos.
A ball python is nearby!
You barely miss the ball python.
The ball python bites you but does no damage.
The ball python grabs you. The ball python constricts you.
You closely miss the ball python.
The ball python bites you but does no damage.
The ball python constricts you.
You closely miss the ball python. You tail-slap the ball python.
You kill the ball python!
No target in view!
A kobold comes into view.
It is wielding a +0 short sword and quivering poisoned darts.
The kobold shouts!
The kobold throws a poisoned dart.
The poisoned dart hits you!
You are poisoned.
You feel sick.
You barely miss the kobold. You punch the kobold.
The kobold is moderately wounded.
You feel sick. The kobold hits you but does no damage.
You hit the kobold.
You kill the kobold!
You feel sick.
No target in view!
No target in view!
You feel sick.
You feel sick.
You feel sick.
You are no longer poisoned.
b - 18 poisoned darts (gained 2)
You see here a +0 short sword.
There is a stone staircase leading up here.
Done exploring.
Done exploring.
You see here a +0 trident.
There is a stone staircase leading down here.
You climb downwards.
There is a stone staircase leading up here.
An adder comes into view.
Found 5 stones.
Found a scroll labelled ZURYPLIPLE and a scroll of summoning.
You see here 10 gold pieces.
The adder hisses angrily.
You hit the adder. You tail-slap the adder.
The adder is severely wounded.
The adder bites you but does no damage. x2
You barely miss the adder.
The adder is severely wounded.
The adder misses you.
You miss the adder. You tail-slap the adder.
You kill the adder!
No target in view!
You now have 51 gold pieces (gained 10).
An adder comes into view.
An adder is nearby!
Found a halberd.
Found an escape hatch in the ceiling.
The adder hisses angrily.
The adder barely misses you.
You punch the adder!
The adder is almost dead.
The adder bites you.
You are poisoned.
The adder poisons you!
You hit the adder.
You kill the adder!
You feel sick.
You have reached level 6!
Your scales feel tougher.
You feel sick.
You feel sick.
You feel sick.
You feel sick.
You are no longer poisoned.
HP restored.
u - a scroll labelled ZURYPLIPLE
r - 2 scrolls of summoning (gained 1)
You now have 55 gold pieces (gained 4).
Found a stone staircase leading up.
f - 3 scrolls of teleportation (gained 1)
Found a cloak.
Found a stone staircase leading down.
You see here a +0 cloak.
v - a +0 cloak You start putting on your armour.
You continue putting on your +0 cloak. x4
You finish putting on your +0 cloak.
There is an escape hatch in the ceiling here.
An adder comes into view.
Found a broken altar of Ashenzari.
The adder hisses angrily.
The adder misses you.
You closely miss the adder. The adder bites you but does no damage.
You barely miss the adder.
Your tail-slap misses the adder.
The adder barely misses you.
You hit the adder. Your punch misses the adder.
The adder is moderately wounded.
The adder barely misses you.
You hit the adder.
The adder is severely wounded.
The adder misses you.
You closely miss the adder.
Your tail-slap misses the adder.
The adder is severely wounded.
The adder misses you. The adder closely misses you.
You punch the adder!
You kill the adder!
No target in view! 2 orcs come into view.
An orc wizard comes into view. It is wielding a +0 dagger.
The helpless orc fails to defend itself.
You punch the orc!
You kill the orc!
The orc wizard shouts!
The orc wizard gestures at you while chanting.
The magic dart hits you! The orc hits you but does no damage.
You see here a +0 trident.
You hit the orc.
The orc is lightly wounded.
The orc hits you but does no damage.
You hit the orc. You tail-slap the orc.
You kill the orc!
The orc wizard gestures wildly while chanting.
The orc wizard flickers and vanishes!
Deactivating autopickup; reactivate with Ctrl-A.
Training target 4.0 for Stealth reached!
Your Stealth skill increases to level 4!
Something hits you but does no damage.
You completely miss something. Something hits you but does no damage.
You miss something. You tail-slap something!
Something hits you but does no damage.
You hit something. You tail-slap something.
Something hits you but does no damage.
You closely miss something. Something hits you.
You punch something!
Reactivating autopickup.
You feel a bit more experienced.
Things that are here:
a +0 dagger; a +0 robe; an orc corpse A scorpion comes into view.
Throw: 18 darts (poison)
Press: ? - help, Q - select action Shift-Dir - straight line, f - scorpion
Aim: a scorpion (wandering, hasn't noticed you, 64% to hit)
You throw a poisoned dart.
The poisoned dart barely misses the scorpion.
Throw: 17 darts (poison)
Press: ? - help, Q - select action Shift-Dir - straight line, f/p - scorpion
Aim: a scorpion (64% to hit)
You throw a poisoned dart. The poisoned dart hits the scorpion.
The scorpion is poisoned.
Throw: 16 darts (poison)
Press: ? - help, Q - select action Shift-Dir - straight line, f/p - scorpion
Aim: a scorpion (lightly wounded, poisoned, 64% to hit)
You throw a poisoned dart.
The poisoned dart closely misses the scorpion.
Throw: 15 darts (poison)
Press: ? - help, Q - select action Shift-Dir - straight line, f/p - scorpion
Aim: a scorpion (lightly wounded, poisoned, 64% to hit)
You throw a poisoned dart.
The poisoned dart barely misses the scorpion.
Throw: 14 darts (poison)
Press: ? - help, Q - select action Shift-Dir - straight line, f/p - scorpion
Aim: a scorpion (heavily wounded, poisoned, 64% to hit)
You throw a poisoned dart. The poisoned dart hits the scorpion.
The scorpion is heavily wounded.
You hit the scorpion.
The scorpion is severely wounded.
The scorpion misses you. x2
You closely miss the scorpion.
You punch the scorpion, but do no damage.
The scorpion is almost dead.
You kill the scorpion!
You see here a scorpion corpse.
b - 14 poisoned darts (gained 1)
b - 15 poisoned darts (gained 1)
b - 17 poisoned darts (gained 2)
b - 18 poisoned darts (gained 1)
Found a scale mail.
You see here 5 stones.
Found a hand axe.
You now have 67 gold pieces (gained 12).
Found a helmet.
You now have 76 gold pieces (gained 9).
Found a sling.
Found a stone staircase leading down.
You now have 89 gold pieces (gained 13).
Dowan, Brother of Duvessa comes into view.
He is wielding a +0 dagger.
Found Solacat's Antique Armour Shop.
Unknown command.
You have 89 gold pieces.
Unknown command.
Unknown command.
Search for what [Enter for "d:", or ? for help]? ident
There is a stone staircase leading up here.
You climb upwards.
There is a stone staircase leading down here.
There is a stone staircase leading up here.
You climb upwards.
There is a stone staircase leading down here.
You see here 5 stones.
There is an entrance to Katyo's Magic Scroll Emporium here.
w - a scroll of identify;
w - 2 scrolls of identify (gained 1) Thank you for shopping at Katyo's Magic Scroll Emporium!
As you read the scroll of identify, it crumbles to dust.
s - a scroll of enchant weapon
As you read the scroll of identify, it crumbles to dust.
u - a scroll of poison You see here 5 stones.
There is a stone staircase leading down here.
You climb downwards.
There is a stone staircase leading up here.
Done exploring.
There is a stone staircase leading down here.
You climb downwards.
Level annotation: Dowan
There is a stone staircase leading up here.
Found a club.
A phantom comes into view.
A phantom is nearby!
Found a spear.
You hit the phantom.
The phantom is lightly damaged.
The phantom hits you.
The phantom blinks!
You blink.
You punch the phantom! You tail-slap the phantom. You punch the phantom.
The phantom is heavily damaged.
The phantom barely misses you.
You hit the phantom.
The phantom is severely damaged.
The phantom closely misses you.
You completely miss the phantom.
The phantom is severely damaged.
The phantom closely misses you.
You barely miss the phantom. You punch the phantom.
The phantom is severely damaged.
The phantom closely misses you.
You closely miss the phantom.
The phantom is severely damaged.
The phantom hits you.
You barely miss the phantom.
The phantom is severely damaged.
The phantom hits you.
You hit the phantom but do no damage.
Your tail-slap misses the phantom.
The phantom is severely damaged.
The phantom hits you.
You hit the phantom but do no damage.
The phantom is severely damaged.
You closely miss the phantom.
The phantom is severely damaged.
The phantom hits you.
The phantom blinks!
You blink.
You hit the phantom.
The phantom is almost destroyed.
The phantom completely misses you.
You hit the phantom but do no damage. You tail-slap the phantom.
The phantom is almost destroyed.
The phantom hits you.
The phantom blinks!
You blink.
You hit the phantom.
You destroy the phantom!
Your Unarmed Combat skill increases to level 5!
No target in view!
You start resting.
HP restored.
Found an escape hatch in the floor.
A phantom comes into view.
You hit the phantom.
Your tail-slap misses the phantom.
The phantom is lightly damaged.
The phantom hits you.
You closely miss the phantom.
The phantom is lightly damaged.
The phantom hits you.
You hit the phantom.
The phantom is moderately damaged.
The phantom hits you.
You miss the phantom.
The phantom is moderately damaged.
The phantom hits you but does no damage.
You hit the phantom.
Your tail-slap misses the phantom.
The phantom is moderately damaged.
The phantom barely misses you.
You hit the phantom.
The phantom is moderately damaged.
The phantom hits you but does no damage.
You closely miss the phantom.
The phantom is moderately damaged.
You hit the phantom but do no damage.
Your tail-slap misses the phantom.
The phantom is moderately damaged.
The phantom closely misses you.
You miss the phantom.
The phantom is moderately damaged.
The phantom hits you but does no damage.
You hit the phantom.
The phantom is heavily damaged.
The phantom barely misses you.
You hit the phantom. You tail-slap the phantom.
The phantom is heavily damaged.
The phantom barely misses you.
You punch the phantom! You tail-slap the phantom.
You destroy the phantom!
Your Dodging skill increases to level 4!
You have reached level 7!
Your scales start taking on a lurid green colour.
You learn Poison Magic much quicker.
You can breathe blasts of noxious fumes.
You feel resistant to poisons.
Found a whip.
w - a purple potion A scorpion comes into view.
Throw: 18 darts (poison)
Press: ? - help, Q - select action, (/) - cycle Shift-Dir - straight line, f - scorpion
Aim: a scorpion (64% to hit)
You throw a poisoned dart. The poisoned dart hits the scorpion.
Throw: 17 darts (poison)
Press: ? - help, Q - select action, (/) - cycle Shift-Dir - straight line, f/p - scorpion
Aim: a scorpion (64% to hit)
You throw a poisoned dart. The poisoned dart hits the scorpion.
The scorpion is poisoned.
Throw: 16 darts (poison)
Press: ? - help, Q - select action, (/) - cycle Shift-Dir - straight line, f/p - scorpion
Aim: a scorpion (lightly wounded, poisoned, 64% to hit)
You throw a poisoned dart.
The poisoned dart barely misses the scorpion.
Throw: 15 darts (poison)
Press: ? - help, Q - select action, (/) - cycle Shift-Dir - straight line, f/p - scorpion
Aim: a scorpion (moderately wounded, poisoned, 64% to hit)
You throw a poisoned dart. The poisoned dart hits the scorpion.
The scorpion is moderately wounded.
You hit the scorpion.
The scorpion is heavily wounded.
The scorpion stings you but does no damage.
You punch the scorpion!
The scorpion is almost dead.
The scorpion stings you but does no damage.
The scorpion stings you.
You punch the scorpion!
You kill the scorpion!
No target in view!
Unknown command.
Unknown command.
There is a stone staircase leading down here.
There is a stone staircase leading up here.
You climb upwards.
There is a stone staircase leading down here.
There is a stone staircase leading up here.
Unknown command.
Unknown command.
Unknown command.
(D) Dungeon
Where to? (Enter - D:4 @ (x,y), ? - help)
What level of the Dungeon? (default 1, ? - help)
There is a stone staircase leading up here.
You climb upwards.
There is a stone staircase leading down here.
You open the large door.
There is a large open door here.
There is a stone staircase leading up here.
You climb upwards.
There is a stone staircase leading down here.
There is a stone staircase leading up here.
You climb upwards.
There is a stone staircase leading down here.
There is a staircase leading out of the dungeon here.
Unknown command.
Are you sure you want to leave the Dungeon?
This will make you lose the game!
You have escaped!

Skill      XL: |  1  2  3  4  5  6 |
---------------+-------------------+-----
Stealth        | 2 3 4 |  4.0
Dodging        | 3 4 |  4.1
Unarmed Combat | 4 5 |  5.5
Fighting       | 4 |  4.8

Action                   |  1- 3 |  4- 6 |  7- 9 || total
-------------------------+-------+-------+-------++-------
Melee: Unarmed           |   160 |   167 |     3 ||   330
       Tailslap          |    22 |    23 |       ||    45
       Punch             |     6 |     8 |       ||    14
Throw: Dart              |     1 |     8 |     4 ||    13
  Use: Potion            |       |     2 |       ||     2
       Scroll            |       |     6 |       ||     6
 Stab: Sleeping          |     9 |     3 |       ||    12
Armor: Skin              |    51 |    42 |     2 ||    95
Dodge: Dodged            |   114 |    67 |       ||   181

Levels and vault maps discovered:
D:1:      psy_arrival_radial02, layout_basic, minmay_misc_feat_alley
D:2:      layout_basic
D:3:      layout_basic, mainiacjoe_overflow_chevrons,
          nicolae_qazlal_style_of_elements, mainiacjoe_overflow_24_doors,
          serial_shops, nicolae_shop_hallway_stairs, nicolae_diamond_shop,
          uniq_robin
D:4:      layout_cave_pools, old_standard_altar, mainiacjoe_overflow_boulevard,
          lemuel_tele_altar
D:5:      layout_rooms, mainiacjoe_overflow_paths, serial_shops,
          nicolae_diamond_shop, uniq_duvessa

Notes
Turn   | Place    | Note
-------+----------+-------------------------------------------
     0 | D:1      | scionoferis the Draconian Monk began the quest for the Orb.
     0 | D:1      | Reached XP level 1. HP: 19/19 MP: 1/1
   167 | D:1      | Reached skill level 2 in Stealth
   259 | D:1      | Reached XP level 2. HP: 26/26 MP: 2/2
  1073 | D:1      | Reached skill level 3 in Dodging
  1073 | D:1      | Reached XP level 3. HP: 22/31 MP: 3/3
  1571 | D:2      | Identified the ring "Humer" {Int+4 Slay+4}
  1989 | D:3      | Found Katyo's Magic Scroll Emporium.
  2169 | D:3      | Found an opulent altar of Gozag.
  2230 | D:3      | Reached XP level 4. HP: 13/40 MP: 4/4
  2250 | D:3      | Reached skill level 3 in Stealth
  2263 | D:3      | Reached skill level 4 in Unarmed Combat
  2405 | D:3      | Found a radiant altar of Vehumet.
  2444 | D:3      | Found Ruatix's Armour Emporium.
  2516 | D:3      | Reached XP level 5. HP: 46/46 MP: 5/5
  2528 | D:3      | Noticed Robin
  2663 | D:3      | Killed Robin
  2829 | D:3      | Found a stormy altar of Qazlal.
  2830 | D:3      | Noticed a water elemental
  2833 | D:3      | Noticed an air elemental
  2833 | D:3      | Noticed a fire elemental
  2949 | D:3      | Reached skill level 4 in Fighting
  3110 | D:3      | Bought a scroll of summoning for 133 gold pieces
  3110 | D:3      | Bought a scroll of identify for 28 gold pieces
  3358 | D:4      | Found a hide-covered altar of Uskayaw.
  3381 | D:4      | Found a sparkling altar of Nemelex Xobeh.
  3526 | D:4      | Found a shadowy altar of Dithmenos.
  3693 | D:5      | Entered Level 5 of the Dungeon
  3721 | D:5      | Reached XP level 6. HP: 49/52 MP: 6/6
  3822 | D:5      | Found a broken altar of Ashenzari.
  3857 | D:5      | Reached skill level 4 in Stealth
  3954 | D:5      | Found Solacat's Antique Armour Shop.
  3954 | D:5      | Noticed Dowan
  4029 | D:3      | Bought a scroll of identify for 28 gold pieces
  4029 | D:3      | Bought a scroll of identify for 28 gold pieces
  4119 | D:5      | Reached skill level 5 in Unarmed Combat
  4211 | D:5      | Reached skill level 4 in Dodging
  4211 | D:5      | Your scales start taking on a lurid green colour.
  4211 | D:5      | Reached XP level 7. HP: 55/60 MP: 7/7
  4211 | D:5      | Gained mutation: Your system is resistant to poisons.
                  | (rPois) [Green Draconian growth]
  4341 | D:$      | Got out of the dungeon alive.

Vanquished Creatures
  2 phantoms (D:5)
  2 scorpions (D:5)
  An orc priest (D:3)
  A hound (D:4)
  2 orc wizards (D:3 D:5)
  Robin (D:3)
  3 gnolls (D:3)
  6 adders (D:2 D:4 D:5)
  A dart slug (D:1)
  10 orcs (D:3 D:5)
  11 ball pythons (D:1 D:2 D:3 D:4)
  5 endoplasms (D:2 D:3 D:4)
  3 giant cockroaches (D:2 D:4)
  12 goblins (D:1 D:3 D:4)
  12 hobgoblins (D:1 D:2 D:3 D:4)
  7 kobolds (D:1 D:2 D:3 D:4)
  5 quokkas (D:1 D:2 D:3 D:4)
  8 bats (D:1 D:2 D:3)
  3 frilled lizards (D:1 D:2 D:3)
  7 rats (D:1 D:2 D:3)
102 creatures vanquished.

Table legend: (Time is in decaauts)
 A = Elapsed time spent in this place.
 B = Non-inter-level travel time spent in this place.
 C = Inter-level travel time spent in this place.
 D = Time resting spent in this place.
 E = Time spent auto-exploring this place.
 F = Levels seen in this place.
 G = Mean time per level.
                   A        B        C        D        E       F      G
               +--------+--------+--------+--------+--------+-----+--------+
         Total |   4320 |   3962 |    358 |    165 |   2879 |   5 |  864.0 |
       Dungeon |   4320 |   3962 |    358 |    165 |   2879 |   5 |  864.0 |
               +--------+--------+--------+--------+--------+-----+--------+

Top non-repeatable levels by time:
     D:3: 1311 daAuts
     D:1: 1150 daAuts
     D:2: 824 daAuts
     D:4: 595 daAuts
     D:5: 437 daAuts

Table legend:
 A = Non-vault XP
 B = Vault XP
 C = Vault XP percentage of total XP
 D = Non-vault monster count
 E = Vault monster count
 F = Vault count percentage of total count
                 A         B        C        D         E       F
            +---------+---------+-------+---------+---------+-------
      Total |     785 |      37 |   4.5 |      89 |      13 |  12.7
            +---------+---------+-------+---------+---------+-------
        D:1 |      42 |       0 |   0.0 |      25 |       0 |   0.0
        D:2 |      42 |       0 |   0.0 |      18 |       0 |   0.0
        D:3 |     161 |      37 |  18.7 |      24 |      13 |  35.1
        D:4 |      82 |       0 |   0.0 |      12 |       0 |   0.0
        D:5 |     458 |       0 |   0.0 |      10 |       0 |   0.0
            +---------+---------+-------+---------+---------+-------
